 Dungeon Crawl Stone Soup version 0.31-a0-237-g2d982f9f85 (webtiles) character file.

Game seed: 15497687298430994808

149 qw the Shooter (level 5, 0/30 HPs)
             Began as a Gargoyle Hexslinger on July 10, 2023.
             Slain by an orc wizard
             ... wielding a +0 dagger
              (3 damage)
             ... on level 3 of the Dungeon.
             The game lasted 00:00:50 (1787 turns).

qw the Shooter (Gargoyle Hexslinger)                Turns: 1787, Time: 00:00:50

Health: 0/30       AC:  7    Str: 12    XL:     5   Next: 31%
Magic:  6/6        EV: 11    Int: 13    God:
Gold:   69         SH:  0    Dex: 14    Spells: 5/6 levels left

rFire   . . .        Y - +3 sling (drain)
rCold   . . .        (no shield)
rNeg    + . .        i - +0 leather armour
rPois   inf          (no helmet)
rElec   +            (no cloak)
rCorr   .            (no gloves)
SInv    .            (no boots)
Will    .....        (no amulet)
Stlth   +            (no ring)
HPRegen 0.25/turn    (no ring)
MPRegen 0.10/turn

%: no passive effects
@: no status effects
A: sickness immunity, AC +4, negative energy resistance 1, electricity
resistance, torment resistance 1, petrification resistance
a: no special abilities


You were on level 3 of the Dungeon.
You visited 1 branch of the dungeon, and saw 3 of its levels.

You collected 69 gold pieces.


Innate Abilities, Weirdness & Mutations

You are immune to sickness and miasma.
Your stone body is resilient. (AC +4)
You are immune to poison.
You resist negative energy. (rN+)
You are resistant to electric shocks. (rElec)
You are resistant to unholy torment.
You are immune to petrification.


   Skills:
 + Level 2.0 Fighting
 - Level 5.1 Ranged Weapons
 - Level 1.5 Dodging
 - Level 1.0 Spellcasting
 - Level 2.6 Hexes


You had 5 spell levels left.
You knew the following spells:

 Your Spells              Type           Power      Damage    Failure   Level
a - Slow                  Hex            28%        N/A       12%         1

Your spell library contained the following spells:

 Spells                   Type           Power      Damage    Failure   Level
 Inner Flame              Hex/Fire       4%         N/A       52%         3
 Portal Projectile        Hex/Tloc       8%         N/A       52%         3
 Cause Fear               Hex            3%         N/A       75%         4

Inventory:

Hand Weapons
 Y - a +3 sling of draining (weapon)
Armour
 i - a +0 leather armour (worn)
Jewellery
 e - a ring of ice
Scrolls
 a - a scroll of revelation {unknown}
 m - a scroll of identify
Potions
 b - a potion of curing {unknown}
 c - a potion of heal wounds {unknown}
 d - a potion of cancellation {unknown}
 f - a potion of degeneration {unknown}
 g - a potion of magic {unknown}
 k - a potion of attraction {unknown}

Dungeon Overview and Level Annotations

Branches:
Dungeon (3/15)

Altars:


Message History

Terence is moderately wounded.
Terence hits you with a +0 short sword. The orc hits you but does no damage.
You shoot a sling bullet. The sling bullet hits Terence.
You drain Terence.
Terence is severely wounded.
Terence hits you with a +0 short sword. The orc closely misses you.
You shoot a sling bullet.
The sling bullet hits Terence but does no damage.
You drain Terence.
Terence is severely wounded.
Terence closely misses you. The orc barely misses you.
The orc hits you with a +0 dagger. Terence hits you but does no damage.
You shoot a sling bullet. The sling bullet barely misses Terence.
Terence hits you with a +0 short sword. The orc hits you but does no damage.
You shoot a sling bullet. The sling bullet hits Terence.
You drain Terence.
You kill Terence!
The orc hits you but does no damage.
You have reached level 5!
You shoot a sling bullet. The sling bullet hits the orc priest.
You drain the orc priest.
The orc priest is moderately wounded.
The orc hits you but does no damage.
The orc priest hits you but does no damage.
You shoot a sling bullet. The sling bullet hits the orc priest.
You drain the orc priest.
The orc priest is severely wounded.
The orc hits you but does no damage.
The orc wizard casts a spell.
The orc wizard flickers and vanishes!
Deactivating autopickup; reactivate with Ctrl-A.
The orc priest hits you with a +0 flail.
You shoot a sling bullet. The sling bullet hits the orc priest!
You kill the orc priest!
The orc hits you with a +0 dagger.
Your Ranged Weapons skill increases to level 5!
You shoot a sling bullet.
The sling bullet hits the orc but does no damage.
The orc hits you but does no damage.
You shoot a sling bullet. The sling bullet barely misses the orc.
Something hits you.
You die...

..$# .).####
.....# ....#
).o# #oo# # #o)#
#.. #@###
##...##...#
#.......#.##
#..........##.##
#......##>.....#
....... #.######
....... #.#
...#### #.# ###
#.#


You could see 4 orcs.

Vanquished Creatures
  An orc priest (D:3)
  Terence (D:3)
  2 adders (D:2)
  3 worms (D:2)
  A dart slug (D:2)
  3 orcs (D:3)
  3 bats (D:1)
  8 endoplasms
  3 giant cockroaches (D:1)
  6 goblins
  2 hobgoblins
  4 quokkas
  7 ball pythons
  6 frilled lizards
  5 kobolds
  4 rats
59 creatures vanquished.

Notes
Turn   | Place    | Note
-------+----------+-------------------------------------------
     0 | D:1      | qw the Gargoyle Hexslinger began the quest for the Orb.
     0 | D:1      | Reached XP level 1. HP: 12/12 MP: 2/2
     0 | D:1      | 0 ||| qw: Version: 0.3-a-52-g30416fa
     0 | D:1      | 0 ||| qw: Game counter: 5066
     0 | D:1      | 0 ||| qw: Melee chars always use a shield: true
     0 | D:1      | 0 ||| qw: God list: Okawaru
     0 | D:1      | 0 ||| qw: Allow faded altars: false
     0 | D:1      | 0 ||| qw: Do Orc after clearing Dungeon:15 true
     0 | D:1      | 0 ||| qw: Do second Lair branch before Depths: true
     0 | D:1      | 0 ||| qw: Lair rune preference: random
     0 | D:1      | 0 ||| qw: Goals: Normal
     0 | D:1      | 0 ||| PLANNING D:1-11
   139 | D:1      | Reached XP level 2. HP: 16/16 MP: 3/3
   151 | D:1      | Reached skill level 3 in Ranged Weapons
   413 | D:1      | Reached XP level 3. HP: 21/21 MP: 4/4
   883 | D:1      | 883 ||| UPGRADING to +0 leather armour.
   893 | D:1      | 893 ||| DROPPING +0 robe.
   894 | D:1      | 894 ||| READING scroll labelled ACWU SUEPS.
   895 | D:1      | 895 ||| DROPPING scroll of poison.
  1175 | D:2      | Reached XP level 4. HP: 15/26 MP: 5/5
  1225 | D:2      | 1225 ||| SWAPPING to +3 sling.
  1226 | D:2      | 1226 ||| DROPPING +1 sling.
  1297 | D:2      | Reached skill level 4 in Ranged Weapons
  1668 | D:2      | 1668 ||| READING scroll labelled CURCHE JEEDOESHER.
  1669 | D:2      | 1669 ||| READING scroll labelled FEMYFA PUEGUACS.
  1670 | D:2      | 1670 ||| READING scroll labelled RUTTUDD MUEG.
  1671 | D:2      | 1671 ||| DRINKING 2 fizzy red potions.
  1672 | D:2      | 1672 ||| DROPPING potion of brilliance.
  1719 | D:3      | Found a faded altar of an unknown god.
  1770 | D:3      | Noticed Terence
  1782 | D:3      | Killed Terence
  1783 | D:3      | Reached XP level 5. HP: 8/30 MP: 6/6
  1784 | D:3      | HP: 4/30 [orc priest/+0 flail (5)]
  1786 | D:3      | Reached skill level 5 in Ranged Weapons
  1787 | D:3      | Slain by an orc wizard

Levels and vault maps discovered:
D:1:      dpeg_arrival_round_a, layout_loops_ring, serial_forest,
          infiniplex_forest_lined_2, infiniplex_forest_clump_curved,
          infiniplex_forest_lined_3_way, infiniplex_forest_clump_tiny,
          infiniplex_forest_clump_double, infiniplex_forest_lined_corner,
          infiniplex_forest_straight_4, infiniplex_forest_straight_5
D:2:      layout_loops_cross, minmay_misc_feat_tower
D:3:      layout_basic, shapermc_ecumenical_altar_pompeii, grunt_decor_cap,
          uniq_terence

Skill      XL: |  1  2  3  4  5 |
---------------+----------------+-----
Ranged Weapons | 3 4 5 |  5.1
Fighting       | 2 |  2.0
Dodging        | |  1.5
Spellcasting   | |  1.0
Hexes          | |  2.6

Action                     |  1- 3 |  4- 6 || total
---------------------------+-------+-------++-------
   Fire: Sling             |   144 |    70 ||   214
    Use: Scroll            |     1 |     3 ||     4
         Potion            |       |     1 ||     1
 Armour: Robe              |    24 |       ||    24
         Leather armour    |     9 |    15 ||    24
  Dodge: Dodged            |    44 |    19 ||    63

Table legend:
 A = Non-vault XP
 B = Vault XP
 C = Vault XP percentage of total XP
 D = Non-vault monster count
 E = Vault monster count
 F = Vault count percentage of total count
                 A         B        C        D         E       F
            +---------+---------+-------+---------+---------+-------
      Total |     178 |      36 |  16.8 |      58 |       1 |   1.7
            +---------+---------+-------+---------+---------+-------
        D:1 |      47 |       0 |   0.0 |      28 |       0 |   0.0
        D:2 |      72 |       0 |   0.0 |      21 |       0 |   0.0
        D:3 |      59 |      36 |  37.9 |       9 |       1 |  10.0
            +---------+---------+-------+---------+---------+-------
